 Dungeon Crawl Stone Soup version 0.18-a0-739-gdae9da8 (webtiles) character file.

653 Duffy the Caller (level 7, -6/50 HPs)
             Began as a Pale Draconian Summoner on Dec 10, 2015.
             Mangled by a centaur (8 damage)
             ... on level 5 of the Dungeon.
             The game lasted 00:08:56 (5621 turns).

Duffy the Caller (Pale Draconian Summoner)          Turns: 5621, Time: 00:08:56

Health: -6/50      AC:  7    Str: 11      XL:     7   Next: 28%
Magic:  5/14       EV: 12    Int: 17      God:
Gold:   180        SH:  0    Dex: 10 (11) Spells: 5 memorised, 1 level left

rFire  . . .     SeeInvis .     s - +5 falchion (holy)
rCold  . . .     Clarity  .     (armour unavailable)
rNeg   . . .     SustAt   .     (no shield)
rPois  .         Gourm    .     (helmet restricted)
rElec  .         Spirit   .     o - +0 cloak
rCorr  .         Dismiss  .     (no gloves)
rMut   .         Stasis   .     (no boots)
MR     .....                    (no amulet)
Stlth  ++........               (no ring)
                                (no ring)

@: not resistant to hostile enchantments, unstealthy
A: breathe steam, unfitting armour, cold-blooded, AC +6
a: Breathe Steam


You were on level 5 of the Dungeon.
You were not hungry.

You visited 1 branch of the dungeon, and saw 5 of its levels.

You collected 180 gold pieces.


Innate Abilities, Weirdness & Mutations

You can breathe blasts of scalding, opaque steam.
Your pale cyan-grey scales are hard (AC +6).
Your body does not fit into most forms of armour.
You are cold-blooded and may be slowed by cold attacks.


   Skills:
 + Level 0.0 Fighting
 + Level 1.7 Dodging
 - Level 1.7 Stealth
 - Level 4.8 Spellcasting
 - Level 6.0 Summonings
 - Level 4.0 Ice Magic


You had one spell level left.
You knew the following spells:

 Your Spells              Type           Power        Failure   Level  Hunger
a - Summon Small Mammal   Summ           ###.         1%          1    None
h - Summon Lightning Spi  Summ/Air       ##......     45%         4    ####...
i - Call Imp              Summ           ###.....     1%          2    #......
l - Summon Ice Beast      Ice/Summ       ###.....     21%         4    ####...
n - Call Canine Familiar  Summ           ###.....     4%          3    ###....

Inventory:

Hand Weapons
 h - a +0 dagger
 s - a +5 falchion of holy wrath (weapon)
Missiles
 d - 270 stones (quivered)
Armour
 o - a +0 cloak (worn)
Wands
 q - a wand of lightning (12)
 v - a wand of digging (7)
Scrolls
 c - 3 scrolls of teleportation {unknown}
 e - 5 scrolls of identify {unknown}
 f - 2 scrolls of remove curse {unknown}
 i - a scroll of random uselessness {unknown}
 j - a scroll of fog {unknown}
 k - a scroll of enchant armour {unknown}
 n - a scroll of magic mapping {unknown}
 p - a scroll of noise {unknown}
 u - a scroll of amnesia {unknown}
Potions
 g - 2 potions of brilliance {unknown}
 l - a potion of heal wounds {unknown}
 m - a potion of haste {unknown}
 r - a potion of flight {unknown}
 t - a potion of cure mutation {unknown}
Books
 a - a book of Callings
Comestibles
 b - 2 bread rations

Dungeon Overview and Level Annotations

Branches:
Dungeon (5/15)
 Temple: D:4-7

Altars:
Dithmenos
Kikubaaqudgha
Ru
Vehumet
Xom
Yredelemnul
Zin


Message History

Your ice beast barely misses the slave.
The slave hits you!
You hit the slave.
Your tail-slap misses the slave.
The slave is lightly wounded.
Your hound barely misses the slave.
Your hound bites the slave but does no damage.
Your ice beast closely misses the slave.
The slave hits you.
Your hound bites the slave.
Your ice beast barely misses the slave.
The slave hits your ice beast.
Your hound misses the slave. Something barely misses your ice beast.
The phantom hits your ice beast.
The phantom blinks!
No target in view!
You swap places.
Your hound completely misses the slave.
The slave hits you but does no damage.
The centaur wields a shortbow.
The centaur shoots an arrow.
The arrow misses your hound. The arrow hits you.
You see here an arrow.
You swap places.
Your hound closely misses the slave.
The centaur unwields an uncursed shortbow.
The centaur hits you. The slave closely misses you.
Your hound bites the slave.
You barely miss the centaur. The centaur hits you.
Your hound bites the slave but does no damage.
The slave hits you but does no damage. The phantom hits your ice beast.
The phantom blinks!
The centaur hits you.
Your hound closely misses the slave.
You barely miss the centaur. The centaur barely misses you.
Your ice beast closely misses the slave.
The slave barely misses you.
Your hound bites the slave.
The centaur hits you!
Your ice beast hits the slave but does no damage.
The slave hits you.
Your hound barely misses the slave.
You slash the centaur!
The centaur is heavily wounded.
Your hound disappears in a puff of smoke!
The centaur misses you.
Your ice beast hits the slave but does no damage.
The slave hits you. The centaur hits you!
You die...

....##..# #.# .).###..# #.#
##.# #..# #.# #### #.# #..#
##.## #... ##.###..# ##...##
8.8 #...##..####.....## _.
................W0###########
.
....#.#.###.<...Yc.[........##
.#....#.#
#.....@p##########.####
.######.# ##....Y#####
#.)).... (## #.# ##........#
#.#.#### ..## #.#
#.#######.#####.###
##.####.###.. #...........# .
#........... #.##.#####.## _.
##.####.#.... .. #.. ...# 8.8
........##.. ..# ### ##.##...
######### . ..####


You could see a phantom, a slave, a centaur and 2 friendly ice beasts.

Action                   |  1- 3 |  4- 6 |  7- 9 || total
-------------------------+-------+-------+-------++-------
Melee: Dagger            |   118 |    71 |       ||   189
       Falchion          |       |    24 |    41 ||    65
Throw: Stone             |     1 |     2 |     1 ||     4
 Cast: Summon Small Mamm |    27 |       |       ||    27
       Call Imp          |    14 |    23 |       ||    37
       Call Canine Famil |     4 |     7 |     5 ||    16
       Summon Ice Beast  |       |     5 |     5 ||    10
 Abil: Breathe Steam     |       |       |     1 ||     1
 Stab: Sleeping          |     3 |     1 |       ||     4
       Distracted        |       |     1 |       ||     1
  Eat: Chunk             |     5 |     8 |     3 ||    16
       Fruit             |     5 |       |       ||     5

Notes
Turn   | Place    | Note
--------------------------------------------------------------
     0 | D:1      | Duffy the Draconian Summoner began the quest for the Orb.
     0 | D:1      | Reached XP level 1. HP: 14/14 MP: 3/3
   528 | D:1      | Reached XP level 2. HP: 20/20 MP: 5/5
   532 | D:1      | Learned a level 2 spell: Call Imp
  1340 | D:2      | Reached XP level 3. HP: 20/26 MP: 2/7
  1431 | D:2      | Reached skill level 3 in Spellcasting
  2108 | D:2      | Learned a level 3 spell: Call Canine Familiar
  3011 | D:4      | Reached XP level 4. HP: 33/33 MP: 0/9
  3121 | D:4      | Found a shadowy altar of Dithmenos.
  3337 | D:4      | Found a shimmering altar of Xom.
  3573 | D:4      | Reached skill level 5 in Summonings
  3903 | D:5      | Entered Level 5 of the Dungeon
  4037 | D:5      | Noticed an ice beast
  4050 | D:5      | Killed an ice beast
  4050 | D:5      | Reached skill level 4 in Spellcasting
  4050 | D:5      | Reached XP level 5. HP: 38/38 MP: 5/11
  4104 | D:5      | Learned a level 4 spell: Summon Ice Beast
  4125 | D:5      | Noticed an ogre
  4151 | D:5      | Killed an ogre
  4151 | D:5      | Reached skill level 1 in Ice Magic
  4174 | D:5      | Noticed a phantom
  4196 | D:5      | Killed a phantom
  4196 | D:5      | Reached XP level 6. HP: 43/45 MP: 6/12
  4221 | D:5      | Noticed Eustachio
  4265 | D:5      | Reached skill level 2 in Ice Magic
  4357 | D:5      | Killed Eustachio
  4485 | D:5      | Found a basalt altar of Yredelemnul.
  4554 | D:5      | Reached skill level 3 in Ice Magic
  4620 | D:5      | Learned a level 4 spell: Summon Lightning Spire
  5028 | D:5      | Reached XP level 7. HP: 50/50 MP: 4/14
  5055 | D:5      | Reached skill level 6 in Summonings
  5055 | D:5      | Reached skill level 4 in Ice Magic
  5589 | D:5      | Found a sacrificial altar of Ru.
  5589 | D:5      | Found an ancient bone altar of Kikubaaqudgha.
  5589 | D:5      | Found a glowing silver altar of Zin.
  5589 | D:5      | Found a radiant altar of Vehumet.
  5621 | D:5      | Mangled by a centaur

Vault maps used:
D:1:      eino_arrival_tree_alley, minmay_lizard_king
D:3:      minmay_door_path, first_bread
D:4:      grunt_dithmenos_smoke_and_mirrors, overflow_temple_1_default
D:5:      kennysheep_mini, nicolae_overflow_hidden_temple,
          grunt_temple_overflow_cloverleaf, grunt_ministairs_6, uniq_eustachio,
          uniq_pikel, uniq_prince_ribbit1

Vanquished Creatures
  Eustachio
  2 phantoms
  3 slaves
  3 ogres
  An ice beast
  A quasit
  An orc priest
  A crimson imp
  3 orc wizards
  2 worker ants
  A giant frog skeleton
  A hound skeleton
  6 adders
  An adder skeleton
  A worm
  9 orcs
  2 goblins
  3 hobgoblins
  2 jackals
  6 kobolds
  2 quokkas
  5 bats
  6 giant cockroaches
  5 giant geckos
  5 giant newts
  A quokka zombie
  9 rats
83 creatures vanquished.
